 Dungeon Crawl Stone Soup version 0.30-a0-800-g7c544603b3 (webtiles) character file.

Game seed: 478270249784909815

130 jlumianski the Trooper (level 4, -2/37 HPs)
             Began as a Demonspawn Fighter on Feb 22, 2023.
             Was an Initiate of Qazlal.
             Slain by Edmund
             ... wielding a +1 dire flail of venom
              (11 damage)
             ... on level 3 of the Dungeon.
             The game lasted 00:13:28 (2021 turns).

jlumianski the Trooper (Demonspawn Fighter)         Turns: 2021, Time: 00:13:29

Health: -2/37      AC: 13    Str: 18    XL:     4   Next: 89%
Magic:  4/4        EV:  9    Int:  9    God:    Qazlal [......]
Gold:   107        SH:  0    Dex: 13    Spells: 3/3 levels left

rFire   . . .      SeeInvis .    f - +3 lajatang
rCold   . . .      Faith    .    (shield currently unavailable)
rNeg    . . .      Spirit   .    b - +0 scale mail
rPois   .          Reflect  .    i - +2 helmet
rElec   .          Harm     .    (no cloak)
rCorr   .          Rampage  .    (no gloves)
Will    .....                    r - +2 pair of boots Stlth
                                 (no amulet)
HPRegen 0.26/turn                (no ring)
MPRegen 0.09/turn                (no ring)

@: mighty, lethally poisoned (-2 -> -21)
A: demonic guardian 1, spiny 1, weakness stinger 1
a: Renounce Religion


You were on level 3 of the Dungeon.
You worshipped Qazlal.
Qazlal was noncommittal.
You visited 2 branches of the dungeon, and saw 5 of its levels.

You collected 191 gold pieces.
You spent 84 gold pieces at shops.

Inventory:

Hand Weapons
 a - a +0 war axe
 f - a +3 lajatang (weapon)
 k - a +2 whip of electrocution
 s - a +1 dagger of venom
Missiles
 g - 24 stones (quivered)
 w - 3 poisoned darts
Armour
 b - a +0 scale mail (worn)
 c - a +0 buckler
 i - a +2 helmet (worn)
 r - a +2 pair of boots (worn)
Wands
 e - a wand of paralysis (4)
Scrolls
 h - 2 scrolls of teleportation
 m - a scroll of amnesia
 n - a scroll of fear
 o - 3 scrolls of identify
 p - a scroll of blinking
 q - 2 scrolls of noise
 t - a scroll of immolation
 v - a scroll of poison
Potions
 d - a potion of might
 j - a potion of curing
 l - a potion of resistance
 u - a potion of lignification
 x - a potion of flight


   Skills:
 * Level 3.6 Fighting
 - Level 1.8 Axes
 * Level 2.9 Staves
 + Level 3.0 Armour
 + Level 0.7 Dodging
 + Level 2.9 Shields


You had 3 spell levels left.
You didn't know any spells.
Your spell library contained the following spells:

 Spells                   Type           Power      Damage    Failure   Level
 Summon Small Mammal      Summ           0%         N/A       77%         1
 Call Canine Familiar     Summ           0%         N/A       98%         3
 Gell's Gravitas          Tloc           0%         N/A       98%         3
 Summon Guardian Golem    Hex/Summ       0%         N/A       98%         3
 Teleport Other           Tloc           0%         N/A       98%         3
 Dispersal                Tloc           0%         N/A       100%        6


Dungeon Overview and Level Annotations

Branches:
Dungeon (4/15)             Temple (1/1) D:4

Altars:
Ashenzari
Cheibriados
Dithmenos
Hepliaklqana
Kikubaaqudgha
Makhleb
Qazlal
Ru
Sif Muna
Trog
Uskayaw
Vehumet
Xom

Shops:
D:4 ?

Annotations:
D:3 Edmund


Innate Abilities, Weirdness & Mutations

A weak demonic guardian rushes to your aid.
You are partially covered in sharp spines.
You have a small tail.


Message History

e - a wand of paralysis (4)
You see here a worm corpse.
Edmund and a goblin come into view.
Edmund is wielding a +1 dire flail of venom.
Edmund shouts!
The goblin shouts!
The goblin unwields a +0 dagger.
The goblin wields a +4 sling.
The goblin shoots a sling bullet.
The sling bullet hits you but does no damage.
You hear a bark!
There is an entrance to Hument's Magic Scroll Boutique here.
o - a scroll of identify;
o - 2 scrolls of identify (gained 1)
o - 3 scrolls of identify (gained 1) Thank you for shopping at Hument's Magic Scroll Boutique!
There is an escape hatch in the ceiling here.
Edmund asks, "Have you met my wondrous brother?"
Edmund hits you with a +1 dire flail of venom.
You are poisoned.
The goblin shoots a sling bullet.
The sling bullet barely misses you. A mysterious force pulls you upwards.
The hatch slams shut behind you.
You feel sick.
You hit Edmund.
Edmund is lightly wounded.
You feel sick. Edmund hits you but does no damage.
You are more poisoned.
Edmund hits you but does no damage.
You are more poisoned.
You feel very mighty all of a sudden.
You feel very sick.
Edmund hits you with a +1 dire flail of venom.
You are lethally poisoned!
You slash Edmund! You tail-slap Edmund!
Edmund is heavily wounded.
You feel extremely sick. Edmund closely misses you.
You barely miss Edmund.
Edmund is heavily wounded.
* * * LOW HITPOINT WARNING * * *
You feel extremely sick.
Edmund hits you with a +1 dire flail of venom!
You die...

######## #............
##......## ##...........
##........## #.........†>.
#..........# #............
#..........# #............
#.........)# #............
#..........# #.........###
#..........# #.........#
##.......@## #.........#
##......@.## #.........#
#..........###.........###
#.>.........÷..........##.
#.....)......##.........).
#.........)#####......#.##
#..........# ####...#...
##........## ###...#.####
##.......# #.....#..###


You could see Edmund.

Vanquished Creatures
  3 adders
  A worm (D:4)
  2 dart slugs (D:3)
  2 orcs
  6 bats
  10 endoplasms
  2 giant cockroaches
  11 goblins
  6 hobgoblins
  14 jackals
  3 kobolds
  5 quokkas
  6 ball pythons (D:1)
  A frilled lizard (D:3)
  8 rats
80 creatures vanquished.

Vanquished Creatures (collateral kills)
  A frilled lizard (D:1)
  A kobold (D:2)
2 creatures vanquished.

Vanquished Creatures (others)
  A plant (D:3)
1 creature vanquished.

Grand Total: 83 creatures vanquished

Notes
Turn   | Place    | Note
-------+----------+-------------------------------------------
     0 | D:1      | jlumianski the Demonspawn Fighter began the quest for the
                  | Orb.
     0 | D:1      | Reached XP level 1. HP: 18/18 MP: 1/1
   134 | D:1      | Gained mutation: You have a small tail. [demonic ancestry]
   134 | D:1      | Reached XP level 2. HP: 23/24 MP: 2/2
   478 | D:1      | Reached skill level 1 in Staves
   478 | D:1      | Gained mutation: A weak demonic guardian rushes to your
                  | aid. [demonic ancestry]
   478 | D:1      | Reached XP level 3. HP: 29/29 MP: 3/3
  1098 | D:2      | Identified the +0 leather armour of Irksome Intercession
                  | {*Slow Regen+ MP+9 Int+6}
  1389 | D:3      | Gained mutation: You are partially covered in sharp spines.
                  | [demonic ancestry]
  1389 | D:3      | Reached XP level 4. HP: 35/35 MP: 4/4
  1706 | D:3      | Found a faded altar of an unknown god.
  1934 | D:4      | Found a staircase to the Ecumenical Temple.
  1935 | D:4      | Found Hument's Magic Scroll Boutique.
  1959 | Temple   | Entered the Ecumenical Temple
  1966 | Temple   | Became a worshipper of Qazlal Stormbringer
  2006 | D:4      | Noticed Edmund
  2014 | D:4      | Bought a scroll of identify for 28 gold pieces
  2014 | D:4      | Bought a scroll of identify for 28 gold pieces
  2014 | D:4      | Bought a scroll of identify for 28 gold pieces
  2021 | D:3      | Slain by Edmund

Illustrated notes

Levels and vault maps discovered:
D:1:      evilmike_arrival_grusome_pit, layout_rooms, minmay_3d_cube
D:2:      minmay_diamond_boxcup, layout_rooms
D:3:      layout_rooms, shapermc_ecumenical_altar_ellora,
          chequers_serial_rivers_room_a, grunt_ministairs_12
D:4:      layout_rooms, minmay_temple_entry_drinking_statues, serial_shops,
          shop_statue, uniq_edmund
Temple:   minmay_freezing_vapour_temple

Skill      XL: |  1  2  3  4 |
---------------+-------------+-----
Staves         | 1 2 |  2.9
Armour         | 3 |  3.0
Fighting       | |  3.6
Axes           | |  1.8
Dodging        | |  0.7
Shields        | |  2.9

Action                     |  1- 3 |  4- 6 || total
---------------------------+-------+-------++-------
  Melee: War axe           |    10 |       ||    10
         Lajatang          |   104 |    60 ||   164
         Tailslap          |     8 |     9 ||    17
  Throw: Stone             |     2 |       ||     2
    Use: Scroll            |     4 |    13 ||    17
         Potion            |       |     3 ||     3
 Armour: Scale mail        |    77 |    45 ||   122
  Dodge: Dodged            |    80 |    37 ||   117

Table legend: (Time is in decaauts)
 A = Elapsed time spent in this place.
 B = Non-inter-level travel time spent in this place.
 C = Inter-level travel time spent in this place.
 D = Time resting spent in this place.
 E = Time spent auto-exploring this place.
 F = Levels seen in this place.
 G = Mean time per level.
                   A        B        C        D        E       F      G
               +--------+--------+--------+--------+--------+-----+--------+
         Total |   2080 |   2027 |     53 |     27 |   1205 |   5 |  416.0 |
       Dungeon |   2059 |   2006 |     53 |     27 |   1205 |   4 |  514.8 |
        Temple |     20 |     20 |      0 |      0 |      0 |   1 |   20.0 |
               +--------+--------+--------+--------+--------+-----+--------+

Top non-repeatable levels by time:
     D:1: 833 daAuts
     D:3: 613 daAuts
     D:2: 526 daAuts
     D:4: 85 daAuts
  Temple: 20 daAuts
